 Dungeon Crawl Stone Soup version 0.26-a0-720-g2a1d101370 (webtiles) character file.

Game seed: 16238658220934050272

5 Maimakterion the Grasshopper (level 1, 0/7 HPs)
             Began as a Felid Wanderer on Nov 3, 2020.
             Slain by a jackal (1 damage)
             ... on level 1 of the Dungeon.
             The game lasted 00:01:19 (282 turns).

Maimakterion the Grasshopper (Felid Wanderer)        Turns: 282, Time: 00:01:19

Health: 0/7        AC:  1    Str:  6    XL:     1   Next: 66%
Magic:  0/3        EV: 15    Int: 13    God:
Gold:   35         SH:  0    Dex: 17    Spells: 1/2 levels left
                                        Lives:  0   Deaths: 0

rFire    . . .     SeeInvis +   (weapon unavailable)
rCold    . . .     Faith    .   (shield unavailable)
rNeg     . . .     Spirit   .   (armour unavailable)
rPois    .         Reflect  .   (helmet unavailable)
rElec    .         Harm     .   (cloak unavailable)
rCorr    .         Rampage  .   (gloves unavailable)
MR       .....                  (boots unavailable)
Stlth    ++........             (no amulet)
HPRegen  0.02/turn              (no ring)
MPRegen  0.08/turn              (no ring)

@: very slightly contaminated, quick
A: very small, no armour, no weapons or thrown items, stealth, claws 1, fangs 3,
see invisible, speed 1, shaggy fur 1, sharp paws
a: no special abilities


You were on level 1 of the Dungeon.
You visited 1 branch of the dungeon, and saw 1 of its levels.

You collected 35 gold pieces.

Inventory:

Scrolls
 a - a scroll of identify {unknown}
 d - a scroll of teleportation {unknown}


   Skills:
 - Level 1.3 Stealth
 + Level 1.3 Spellcasting
 + Level 0.6 Conjurations
   Level 4.4 Translocations
   Level 1.1 Transmutations
   Level 1.0 Fire Magic
   Level 1.7 Ice Magic
   Level 1.1 Evocations


You had one spell level left.
You knew the following spells:

 Your Spells              Type           Power        Failure   Level
a - Magic Dart            Conj           #...         21%         1

Your spell library contained the following spells:

 Spells                   Type           Power        Failure   Level
 Sting                    Tmut/Pois      #...         22%         1
 Blink                    Tloc           N/A          7%          2
 Call Imp                 Summ           #.......     38%         2
 Slow                     Hex            #.......     38%         2
 Conjure Flame            Conj/Fire      #.......     50%         3
 Spider Form              Tmut/Pois      #.........   54%         3
 Mephitic Cloud           Conj/Pois/Air  #.......     58%         3


Dungeon Overview and Level Annotations

Branches:
Dungeon (1/15)

Altars:


Innate Abilities, Weirdness & Mutations

You cannot wear armour.
You are incapable of wielding weapons or throwing items.
Your paws allow you to move quietly. (Stealth)
You have sharp claws.
You have razor-sharp teeth.
You have supernaturally acute eyesight. (SInv)
You cover ground quickly.
You are covered in fur. (AC +1)
Your sharp claws are effective at attacking unaware monsters.


Message History

Confirm with . or Enter, or press ? or * to list all spells.
You don't have enough magic to cast that spell.
You can't grasp things well enough to throw them.
Press: ? - help, v - describe, . - travel The floor.
Press: ? - help, v - describe, . - travel The floor, spattered with blood.
Unknown command.
A jackal comes into view.
What are your orders? t - Meow!
Orders for allies: a - Attack new target. p - Attack previous target. r - Retreat! s - Stop attacking. g - Guard the area. f - Follow me.
Anything else - Cancel.
Okay, then.
Unknown command.
A jackal comes into view.
The jackal bites you.
You die...

#...#.# ..# +..<.. #...###....#
##♣.♣# #####...h.# ### #'#
####...h.###..# ... #.#
.....########.# #.# #.##
......####...... #.# #...
.#.........###.##### ##.#####.##
##.................####..........
.......#..######@#...............
.......##hg..###h..#......####.##
.......#####...h..........# #.#
................#.........# #.#
.......###......................
#####..# #######.##......####..#
# #..# #....######### #... # ####
###.#### #######...#


You could see 3 jackals.

Vanquished Creatures
  2 giant cockroaches (D:1)
  A goblin (D:1)
  A jackal (D:1)
4 creatures vanquished.

Notes
Turn   | Place    | Note
-------+----------+-------------------------------------------
     0 | D:1      | Maimakterion the Felid Wanderer began the quest for the
                  | Orb.
     0 | D:1      | Maimakterion set off with the following items: a potion of
                  | curing; and the following spells available to memorise:
                  | Blink, Sting, Magic Dart, Call Imp, Slow, Conjure Flame,
                  | Spider Form, Mephitic Cloud
     0 | D:1      | Reached XP level 1. HP: 7/7 MP: 3/3
     2 | D:1      | Learned a level 1 spell: Magic Dart
   282 | D:1      | Slain by a jackal

Illustrated notes

Levels and vault maps discovered:
D:1:      tarquinn_simple_flora_water_e, layout_rooms, kennysheep_nondescript

Action                   || total
-------------------------++-------
Melee: Unarmed           ||    26
       Bite              ||     1
 Cast: Magic Dart        ||     7
  Use: Potion            ||     2
Armor: Skin              ||     4
Dodge: Dodged            ||    30

Table legend: (Time is in decaauts)
 A = Elapsed time spent in this place.
 B = Non-inter-level travel time spent in this place.
 C = Inter-level travel time spent in this place.
 D = Time resting spent in this place.
 E = Time spent auto-exploring this place.
 F = Levels seen in this place.
 G = Mean time per level.
                   A        B        C        D        E       F      G
               +--------+--------+--------+--------+--------+-----+--------+
         Total |    260 |    260 |      0 |    131 |     58 |   1 |  260.0 |
       Dungeon |    260 |    260 |      0 |    131 |     58 |   1 |  260.0 |
               +--------+--------+--------+--------+--------+-----+--------+

Top non-repeatable levels by time:
     D:1: 260 daAuts
